General information
- name: BNet
- type: Ladder team game (AT/RT)
- host: Battle.net
- saver: email-me-bob
map: FullScaleAssault
- players: 8
- length: 29:20
- speed: Fast
- version: 1.28 W3XP
- replay type: Public
» download(226 KB)
Players
team 1 (winner)

»
eckolks (
pink | 177 APM | 5034 actions | 28:25)
4 Death Knight
2 Death Coil
2 Unholy Aura
3 Lich
2 Frost Nova
1 Frost Armor
» actions
| Assign group hotkey | 36 | |
| Basic commands | 561 | |
| Build / train | 67 | |
| ESC pressed | 12 | |
| Enter build submenu | 18 | |
| Enter hero's abilities submenu | 7 | |
| Give item / drop item | 4 | |
| Remove unit from queue | 1 | |
| Right click | 832 | |
| Select / deselect | 461 | |
| Select group hotkey | 2964 | |
| Use ability | 70 | |
5034 total
» units
| Acolyte | 3 | |
| Ghoul | 6 | |
| Crypt Fiend | 8 | |
| Frost Wyrm | 10 | |
| Gargoyle | 6 | |
33 total
» upgrades
| Creature Attack | 3 | |
| Web | 1 | |
| Freezing Breath | 1 | |
| Ghoul Frenzy | 1 | |
| Creature Carapace | 2 | |
8 total
» buildings
| Crypt | 1 | |
| Graveyard | 1 | |
| Altar of Darkness | 1 | |
| Ziggurat | 7 | |
| Tomb of Relics | 1 | |
| Nerubian Tower | 1 | |
| Halls of the Dead | 4 | |
| Black Citadel | 3 | |
| Sacrificial Pit | 1 | |
| Boneyard | 2 | |
22 total
» build order
00:12 Crypt
00:18 Graveyard
00:48 Altar of Darkness
01:00 Ziggurat
01:26 Tomb of Relics
02:09 Ziggurat
02:47 Nerubian Tower
03:40 Halls of the Dead
03:40 Halls of the Dead
05:21 Ziggurat
05:23 Ziggurat
06:11 Black Citadel
06:12 Black Citadel
07:03 Sacrificial Pit
08:13 Ziggurat
08:33 Boneyard
09:35 Boneyard
13:33 Ziggurat
14:10 Ziggurat
» items
| Rod of Necromancy | 1 | |
| Potion of Healing | 2 | |
3 total
email-me-bob (
teal | 62 APM | 1805 actions | 29:20)
5 Blademaster
3 Wind Walk
2 Critical Strike
» actions
| Assign group hotkey | 29 | |
| Basic commands | 182 | |
| Build / train | 67 | |
| Enter build submenu | 29 | |
| Enter hero's abilities submenu | 5 | |
| Give item / drop item | 4 | |
| Remove unit from queue | 1 | |
| Right click | 637 | |
| Select / deselect | 284 | |
| Select group hotkey | 480 | |
| Use ability | 87 | |
1805 total
» units
| Peon | 25 | |
| Grunt | 4 | |
| Goblin Shredder | 4 | |
| Goblin Zeppelin | 1 | |
| Wind Rider | 6 | |
| Blue Dragon | 1 | |
41 total
» upgrades
| Ranged Weapons | 2 | |
| Reinforced Defenses | 1 | |
| Armor | 2 | |
| Envenomed Spears | 1 | |
6 total
» buildings
| Altar of Storms | 1 | |
| Orc Burrow | 8 | |
| Barracks | 1 | |
| Voodoo Lounge | 1 | |
| Great Hall | 4 | |
| Stronghold | 2 | |
| War Mill | 1 | |
| Fortress | 4 | |
| Watch Tower | 26 | |
| Beastiary | 4 | |
52 total
» build order
00:07 Altar of Storms
00:18 Orc Burrow
00:37 Barracks
01:23 Orc Burrow
02:24 Voodoo Lounge
03:22 Orc Burrow
04:02 Great Hall
04:28 Stronghold
05:38 War Mill
06:49 Fortress
06:49 Fortress
07:07 Watch Tower
07:07 Watch Tower
07:08 Watch Tower
07:14 Watch Tower
07:23 Watch Tower
07:24 Watch Tower
08:53 Great Hall
09:18 Great Hall
09:21 Watch Tower
09:21 Watch Tower
09:22 Watch Tower
09:52 Watch Tower
10:17 Beastiary
10:18 Beastiary
10:22 Beastiary
10:41 Watch Tower
10:41 Watch Tower
11:03 Watch Tower
11:03 Watch Tower
11:47 Great Hall
12:23 Watch Tower
12:23 Watch Tower
12:24 Watch Tower
12:26 Watch Tower
12:26 Watch Tower
12:26 Watch Tower
13:06 Beastiary
14:47 Orc Burrow
14:57 Watch Tower
14:57 Watch Tower
14:59 Watch Tower
15:44 Stronghold
16:04 Watch Tower
16:46 Orc Burrow
17:15 Watch Tower
17:16 Watch Tower
24:07 Fortress
24:10 Orc Burrow
24:11 Orc Burrow
27:55 Orc Burrow
» items
| Healing Salve | 2 | |
| Scroll of Town Portal | 4 | |
| Potion of Lesser Invulnerability | 1 | |
7 total

»
noooooob (
green | 71 APM | 1920 actions | 27:07)
5 Demon Hunter
3 Mana Burn
2 Evasion
» actions
| Assign group hotkey | 43 | |
| Basic commands | 14 | |
| Build / train | 51 | |
| Enter build submenu | 20 | |
| Enter hero's abilities submenu | 5 | |
| Give item / drop item | 1 | |
| Right click | 985 | |
| Select / deselect | 322 | |
| Select group hotkey | 451 | |
| Use ability | 28 | |
1920 total
» units
| Wisp | 12 | |
| Hippogryph | 9 | |
| Chimaera | 6 | |
27 total
» upgrades
| Reinforced Hides | 3 | |
| Strength of the Wild | 3 | |
| Corrosive Breath | 1 | |
| Well Spring | 1 | |
| Ultravision | 1 | |
9 total
» buildings
| Altar of Elders | 1 | |
| Moon Well | 9 | |
| Tree of Ages | 3 | |
| Hunter's Hall | 1 | |
| Tree of Eternity | 2 | |
| Ancient of Wind | 3 | |
| Chimaera Roost | 2 | |
| Tree of Life | 2 | |
23 total
» build order
00:15 Altar of Elders
00:25 Moon Well
01:59 Tree of Ages
01:59 Tree of Ages
02:04 Hunter's Hall
02:26 Moon Well
03:08 Moon Well
03:55 Moon Well
04:47 Tree of Eternity
04:54 Ancient of Wind
05:54 Moon Well
06:51 Moon Well
07:39 Chimaera Roost
07:44 Chimaera Roost
08:10 Moon Well
08:35 Ancient of Wind
08:43 Ancient of Wind
10:03 Moon Well
10:14 Moon Well
22:39 Tree of Life
23:06 Tree of Life
leaf (
blue | 110 APM | 3105 actions | 28:20)
6 Blademaster
2 Wind Walk
3 Critical Strike
1 Bladestorm
1 Tauren Chieftain
1 Endurance Aura
» actions
| Assign group hotkey | 42 | |
| Basic commands | 18 | |
| Build / train | 101 | |
| ESC pressed | 15 | |
| Enter build submenu | 32 | |
| Enter hero's abilities submenu | 7 | |
| Give item / drop item | 2 | |
| Remove unit from queue | 3 | |
| Right click | 1211 | |
| Select / deselect | 402 | |
| Select group hotkey | 1155 | |
| Use ability | 117 | |
3105 total
» units
| Peon | 19 | |
| Grunt | 5 | |
| Shaman | 9 | |
| Tauren | 16 | |
| Goblin Shredder | 1 | |
| Blue Dragon Whelp | 1 | |
| Blue Drake | 1 | |
52 total
» upgrades
| Armor | 2 | |
| Berserker Strength | 1 | |
| Melee Weapons | 3 | |
| Shaman Training | 2 | |
| Reinforced Defenses | 1 | |
| Pulverize | 1 | |
10 total
» buildings
| Altar of Storms | 1 | |
| Orc Burrow | 10 | |
| Barracks | 1 | |
| Voodoo Lounge | 1 | |
| Stronghold | 7 | |
| War Mill | 1 | |
| Fortress | 3 | |
| Great Hall | 3 | |
| Spirit Lodge | 1 | |
| Watch Tower | 13 | |
| Tauren Totem | 2 | |
| Beastiary | 2 | |
45 total
» build order
00:07 Altar of Storms
00:20 Orc Burrow
00:35 Barracks
01:34 Orc Burrow
02:05 Voodoo Lounge
03:07 Stronghold
03:08 Stronghold
03:55 War Mill
05:53 Fortress
05:56 Great Hall
06:01 Orc Burrow
06:03 Orc Burrow
06:51 Fortress
07:12 Spirit Lodge
08:15 Watch Tower
08:16 Watch Tower
08:21 Watch Tower
08:22 Orc Burrow
11:25 Tauren Totem
11:34 Tauren Totem
14:08 Orc Burrow
15:09 Orc Burrow
16:05 Orc Burrow
16:34 Orc Burrow
16:38 Orc Burrow
16:42 Great Hall
18:08 Great Hall
24:33 Stronghold
24:36 Stronghold
24:37 Watch Tower
24:38 Watch Tower
24:38 Watch Tower
24:39 Watch Tower
24:40 Watch Tower
24:40 Watch Tower
26:57 Fortress
27:02 Beastiary
27:04 Beastiary
» items
| Healing Salve | 4 | |
| Boots of Speed | 3 | |
| Lesser Clarity Potion | 3 | |
| Scroll of Speed | 2 | |
| Orb of Lightning | 2 | |
| Scroll of Town Portal | 2 | |
| Potion of Healing | 1 | |
17 total
team 2 (loser)
ProudDogMama (
purple | 59 APM | 1720 actions | 29:16)
6 Blademaster
3 Wind Walk
2 Critical Strike
1 Bladestorm
» actions
| Assign group hotkey | 35 | |
| Basic commands | 78 | |
| Build / train | 49 | |
| Enter build submenu | 59 | |
| Enter hero's abilities submenu | 8 | |
| Give item / drop item | 10 | |
| Remove unit from queue | 1 | |
| Right click | 636 | |
| Select / deselect | 358 | |
| Select group hotkey | 203 | |
| Use ability | 283 | |
1720 total
» units
| Peon | 14 | |
| Grunt | 4 | |
| Goblin Shredder | 2 | |
| Troll Batrider | 3 | |
| Goblin Zeppelin | 1 | |
24 total
» upgrades
| Reinforced Defenses | 1 | |
| Liquid Fire | 1 | |
| Troll Regeneration | 1 | |
3 total
» buildings
| Orc Burrow | 6 | |
| Altar of Storms | 1 | |
| Barracks | 2 | |
| Voodoo Lounge | 2 | |
| War Mill | 4 | |
| Stronghold | 1 | |
| Great Hall | 5 | |
| Watch Tower | 36 | |
| Fortress | 1 | |
| Beastiary | 4 | |
62 total
» build order
00:12 Orc Burrow
00:53 Altar of Storms
00:54 Barracks
01:08 Orc Burrow
01:55 Voodoo Lounge
02:50 War Mill
02:54 War Mill
04:25 Orc Burrow
04:42 Stronghold
04:58 Great Hall
06:01 Watch Tower
06:02 Watch Tower
06:54 Watch Tower
06:54 Watch Tower
06:55 Barracks
06:59 Watch Tower
06:59 Watch Tower
07:00 Watch Tower
07:35 Watch Tower
07:38 Watch Tower
09:01 Fortress
09:31 Watch Tower
09:32 Watch Tower
09:33 Watch Tower
09:34 Watch Tower
09:34 Watch Tower
09:35 Watch Tower
12:12 Beastiary
12:13 Beastiary
12:15 Beastiary
12:18 Beastiary
12:25 War Mill
15:23 Watch Tower
15:24 Watch Tower
15:28 Watch Tower
15:29 Watch Tower
15:29 Watch Tower
15:30 Watch Tower
16:21 Great Hall
17:47 Great Hall
17:49 Watch Tower
17:49 Watch Tower
17:50 Watch Tower
17:50 Watch Tower
17:52 Watch Tower
17:53 Watch Tower
17:53 Watch Tower
18:00 Watch Tower
18:14 Watch Tower
20:52 Orc Burrow
21:23 Great Hall
21:28 Great Hall
24:18 Voodoo Lounge
24:45 Watch Tower
24:48 Watch Tower
24:50 Watch Tower
24:53 Watch Tower
27:12 War Mill
28:15 Orc Burrow
28:18 Orc Burrow
» items
| Healing Salve | 4 | |
| Potion of Healing | 1 | |
| Lesser Clarity Potion | 3 | |
| Staff of Teleportation | 1 | |
| Scroll of Town Portal | 2 | |
| Orb of Lightning | 1 | |
12 total
124881 (
orange | 87 APM | 2560 actions | 29:19)
6 Archmage
1 Summon Water Elemental
3 Brilliance Aura
2 Blizzard
3 Blood Mage
2 Flame Strike
1 Banish
» actions
| Assign group hotkey | 99 | |
| Basic commands | 96 | |
| Build / train | 162 | |
| ESC pressed | 37 | |
| Enter build submenu | 59 | |
| Enter hero's abilities submenu | 8 | |
| Give item / drop item | 4 | |
| Right click | 887 | |
| Select / deselect | 406 | |
| Select group hotkey | 590 | |
| Use ability | 211 | |
2560 total
» units
| Peasant | 22 | |
| Footman | 3 | |
| Goblin Zeppelin | 16 | |
| Goblin Shredder | 8 | |
| Gryphon Rider | 3 | |
52 total
» upgrades
| Masonry | 3 | |
| Swords | 2 | |
| Animal War Training | 1 | |
| Armor | 1 | |
7 total
» buildings
| Altar of Kings | 2 | |
| Farm | 15 | |
| Barracks | 1 | |
| Arcane Vault | 1 | |
| Lumber Mill | 2 | |
| Scout Tower | 24 | |
| Town Hall | 3 | |
| Arcane Tower | 10 | |
| Keep | 3 | |
| Blacksmith | 1 | |
| Guard Tower | 36 | |
| Castle | 5 | |
| Gryphon Aviary | 2 | |
105 total
» build order
00:36 Altar of Kings
00:38 Farm
01:06 Barracks
01:10 Farm
01:14 Farm
01:55 Arcane Vault
02:12 Lumber Mill
03:41 Scout Tower
03:45 Town Hall
03:48 Scout Tower
04:32 Arcane Tower
04:57 Keep
04:57 Keep
05:00 Arcane Tower
05:00 Arcane Tower
05:19 Scout Tower
05:30 Blacksmith
05:33 Scout Tower
06:24 Arcane Tower
06:25 Arcane Tower
07:37 Guard Tower
07:37 Guard Tower
07:38 Guard Tower
08:51 Guard Tower
08:52 Guard Tower
09:10 Scout Tower
09:11 Scout Tower
09:13 Scout Tower
09:14 Castle
09:15 Castle
09:15 Castle
09:18 Guard Tower
09:25 Scout Tower
09:26 Scout Tower
09:26 Scout Tower
09:27 Scout Tower
09:54 Guard Tower
09:54 Guard Tower
09:55 Guard Tower
10:00 Guard Tower
10:01 Guard Tower
10:01 Guard Tower
11:33 Gryphon Aviary
11:34 Gryphon Aviary
11:38 Farm
12:49 Scout Tower
12:49 Scout Tower
12:52 Scout Tower
13:38 Scout Tower
13:40 Scout Tower
13:41 Scout Tower
13:43 Scout Tower
13:45 Guard Tower
13:45 Guard Tower
13:49 Scout Tower
13:50 Scout Tower
13:50 Scout Tower
14:05 Arcane Tower
14:05 Arcane Tower
14:06 Arcane Tower
14:19 Guard Tower
14:19 Guard Tower
14:19 Guard Tower
14:25 Guard Tower
14:25 Guard Tower
14:25 Guard Tower
14:37 Guard Tower
14:37 Guard Tower
14:37 Guard Tower
15:22 Farm
15:23 Farm
15:24 Farm
15:27 Farm
15:33 Farm
15:34 Farm
18:10 Farm
18:11 Farm
18:18 Farm
21:09 Farm
21:10 Farm
21:13 Scout Tower
21:14 Scout Tower
21:31 Altar of Kings
21:58 Scout Tower
22:17 Town Hall
22:58 Lumber Mill
23:30 Town Hall
24:05 Guard Tower
24:06 Guard Tower
24:06 Guard Tower
» items
| Mechanical Critter | 3 | |
| Staff of Teleportation | 2 | |
| Scroll of Regeneration | 3 | |
| Scroll of Town Portal | 3 | |
| Ivory Tower | 4 | |
| Tome of Retraining | 1 | |
16 total

»
Bangladesh (
yellow | 29 APM | 330 actions | 11:16)
3 Blademaster
2 Critical Strike
1 Mirror Image
1 Shadow Hunter
1 Healing Wave
» actions
| Build / train | 35 | |
| Enter build submenu | 11 | |
| Enter hero's abilities submenu | 4 | |
| Give item / drop item | 2 | |
| Right click | 123 | |
| Select / deselect | 129 | |
| Use ability | 26 | |
330 total
» units
» upgrades
| Berserker Strength | 1 | |
| Melee Weapons | 2 | |
| Shaman Training | 2 | |
5 total
» buildings
| Altar of Storms | 1 | |
| Orc Burrow | 4 | |
| Barracks | 1 | |
| Voodoo Lounge | 1 | |
| Stronghold | 1 | |
| War Mill | 1 | |
| Fortress | 1 | |
| Spirit Lodge | 2 | |
| Great Hall | 1 | |
13 total
» build order
00:09 Altar of Storms
00:18 Orc Burrow
00:53 Barracks
01:25 Orc Burrow
02:27 Voodoo Lounge
03:05 Stronghold
03:52 Orc Burrow
03:55 War Mill
05:31 Fortress
05:40 Spirit Lodge
06:37 Great Hall
08:24 Spirit Lodge
09:59 Orc Burrow
» items
| Healing Salve | 2 | |
| Scroll of Town Portal | 1 | |
| Orb of Lightning | 1 | |
4 total
U_FOLLOW_iTK_18 (
red | 88 APM | 1792 actions | 20:21)
2 Archmage
1 Summon Water Elemental
1 Blizzard
1 Paladin
1 Holy Light
» actions
| Assign group hotkey | 27 | |
| Basic commands | 144 | |
| Build / train | 51 | |
| ESC pressed | 2 | |
| Enter build submenu | 38 | |
| Enter hero's abilities submenu | 3 | |
| Give item / drop item | 4 | |
| Right click | 545 | |
| Select / deselect | 235 | |
| Select group hotkey | 660 | |
| Use ability | 83 | |
1792 total
» units
| Peasant | 13 | |
| Rifleman | 5 | |
| Siege Engine | 2 | |
20 total
» upgrades
| Armor | 1 | |
| Gunpowder | 2 | |
| Lumber Harvesting | 1 | |
4 total
» buildings
| Farm | 10 | |
| Blacksmith | 1 | |
| Barracks | 1 | |
| Altar of Kings | 1 | |
| Scout Tower | 7 | |
| Arcane Tower | 2 | |
| Arcane Vault | 1 | |
| Lumber Mill | 1 | |
| Keep | 1 | |
| Guard Tower | 3 | |
| Castle | 1 | |
| Workshop | 3 | |
| Watch Tower | 6 | |
38 total
» build order
00:50 Farm
01:06 Blacksmith
01:20 Farm
01:22 Barracks
01:36 Farm
01:38 Altar of Kings
02:20 Scout Tower
02:42 Farm
02:47 Arcane Tower
02:56 Arcane Vault
04:09 Farm
04:32 Lumber Mill
05:14 Keep
05:27 Scout Tower
06:26 Arcane Tower
06:27 Farm
06:58 Scout Tower
07:01 Scout Tower
07:13 Farm
07:20 Farm
07:31 Guard Tower
07:32 Scout Tower
09:44 Castle
09:48 Workshop
11:06 Workshop
11:08 Workshop
11:12 Farm
11:43 Watch Tower
11:50 Watch Tower
12:20 Farm
12:27 Scout Tower
12:49 Scout Tower
12:57 Watch Tower
12:59 Watch Tower
13:05 Watch Tower
13:24 Guard Tower
13:33 Guard Tower
14:11 Watch Tower
» items
| Dust of Appearance | 1 | |
| Boots of Speed | 1 | |
| Scroll of Regeneration | 2 | |
| Scroll of Town Portal | 7 | |
| Staff of Teleportation | 2 | |
13 total
Chat log
(00:46 / Allies) leaf: bm sh grunt to sham
(00:51 / Allies) email-me-bob: wyerns bat
(01:00 / Allies) noooooob: chims
(01:08 / Allies) eckolks: fiend to fw
(02:37 / Allies) email-me-bob: gonna expo there
(04:30 / Allies) leaf: can u help cleaR?
(04:38 / Allies) noooooob: me?
(04:40 / Allies) noooooob: sure
(04:41 / Allies) leaf: y
(07:12 / Allies) noooooob: pink?
(08:06 / All) leaf: sureeeee
(08:11 / All) Bangladesh: yw
(08:51 / Allies) noooooob: wood?
(10:42 / Allies) leaf: wood pls
(10:50 / Allies) noooooob: wood plsssssssssssssssss
(10:55 / Allies) leaf: -_-
(11:21 / All) ProudDogMama: what a fucking retard lol
(11:23 / Allies) noooooob: lets go clear middle?
(11:28 / Allies) eckolks: lol
(11:30 / Allies) leaf: wood pls
(11:59 / Allies) noooooob: i need wood too, blue
(12:33 / All) 124881: that creepjack
(12:37 / All) 124881: got your hood of cunning LOL
(13:16 / Allies) email-me-bob: can i buy dragon
(13:59 / Allies) email-me-bob: hit bottom guys
(14:02 / Allies) noooooob: blue do you need wood?
(14:09 / Allies) email-me-bob: hit red gogo
(14:25 / Allies) email-me-bob: thx
(14:36 / Allies) email-me-bob: blue may i buy big dragon
(14:41 / Allies) leaf: yep
(14:50 / Allies) noooooob: red got lots of tanks
(15:16 / Allies) leaf: k main
(16:53 / Allies) noooooob: where red tanks?
(16:55 / All) U_FOLLOW_iTK_18: cant read dirty ch1nky jew sp1c n1gger?
(17:00 / All) 124881: cry more is a retard
(17:04 / All) U_FOLLOW_iTK_18: cant read dirty ch1nky jew sp1c n1gger?
(17:12 / All) U_FOLLOW_iTK_18: cant read dirty ch1nky jew sp1c n1gger?
(17:29 / All) U_FOLLOW_iTK_18: cant read dirty ch1nky jew sp1c n1gger?
(17:39 / All) U_FOLLOW_iTK_18: cant read dirty ch1nky jew sp1c n1gger?
(18:10 / All) U_FOLLOW_iTK_18: cant read dirty ch1nky jew sp1c n1gger?
(18:24 / All) U_FOLLOW_iTK_18: cant read dirty ch1nky jew sp1c n1gger?
(18:32 / All) ProudDogMama: haha
(18:39 / All) U_FOLLOW_iTK_18: gave them exp
(18:41 / All) U_FOLLOW_iTK_18: cant read dirty ch1nky jew sp1c n1gger?
(19:11 / All) U_FOLLOW_iTK_18: cant read dirty ch1nky jew sp1c n1gger?
(19:32 / All) U_FOLLOW_iTK_18: cant read dirty ch1nky jew sp1c n1gger?
(19:35 / Allies) eckolks: wtf
(19:52 / Allies) noooooob: teal?
(19:56 / Allies) noooooob: what are you doing?
(20:12 / Allies) noooooob: teal killed all my army
(20:19 / All) U_FOLLOW_iTK_18: cant read dirty ch1nky jew sp1c n1gger?
(20:59 / Allies) noooooob: what are you doing teal?
(21:30 / Allies) noooooob: blue pink
(21:39 / Allies) noooooob: did u see what teal doing?
(21:49 / Allies) leaf: idk why?
(22:03 / Allies) noooooob: teal going to kill you
(22:09 / Allies) noooooob: pink
(24:37 / Allies) noooooob: blue
(24:45 / Allies) noooooob: teal come to kill you
(25:25 / Allies) noooooob: wtf
(25:39 / Allies) noooooob: lol
(25:45 / Allies) noooooob: you new base done
(26:22 / All) ProudDogMama: 1 hit on that blue bm
(27:28 / Allies) leaf: tea can u play stdrd?
(27:34 / Allies) leaf: i gave u dragon remember
(27:43 / Allies) leaf: was fun btu lets end
(28:09 / Allies) leaf: kill heroes
(28:30 / All) ProudDogMama: lawl
(28:34 / All) 124881: jesus
(28:37 / All) ProudDogMama: yellow should lose
(28:41 / All) 124881: red and yellow
(28:44 / All) 124881: both retards
(29:15 / All) ProudDogMama: red yellow lose